 Dungeon Crawl Stone Soup version 0.30.0-19-g36f170ea60 (webtiles) character file.

Game seed: 5758048388430202316

42 RascalDebosk the Magician (level 3, -1/28 HPs)
             Began as a Djinni Warper on May 30, 2023.
             Killed from afar by a dart slug (4 damage)
             ... with a slug dart
             ... on level 2 of the Dungeon.
             The game lasted 00:05:58 (1117 turns).

RascalDebosk the Magician (Djinni Warper)           Turns: 1117, Time: 00:05:59

Health: -1/28      AC:  3    Str: 10    XL:     3   Next: 77%
Gold:   90         EV: 11    Int: 16    God:
                   SH:  0    Dex: 12

rFire   + + .        a - +0 falchion
rCold   x . .        (no shield)
rNeg    . . .        b - +0 leather armour
rPois   ∞            (no helmet)
rElec   .            (no cloak)
rCorr   .            (no gloves)
SInv    .            (boots unavailable)
Will    .....        (no amulet)
Stlth   +            j - ring of wizardry
HPRegen 0.24/turn    (no ring)
MPRegen 0.00/turn

%: wizardry (x1), infuse magic (-2 HP)
@: flying
A: sickness immunity, fire resistance 2, cold vulnerability 1, float, innate
caster, HP casting, extra vitality 1
a: no special abilities


You were on level 2 of the Dungeon.
You visited 1 branch of the dungeon, and saw 2 of its levels.

You collected 90 gold pieces.

Inventory:

Hand Weapons
 a - a +0 falchion (weapon)
Missiles
 d - 7 boomerangs of dispersal (quivered)
Armour
 b - a +0 leather armour (worn)
Jewellery
 j - a ring of wizardry (left hand)
Scrolls
 e - a scroll of amnesia {unknown}
 f - a scroll of fog {unknown}
 g - a scroll of blinking
 h - a scroll of magic mapping {unknown}
Potions
 c - a potion of degeneration {unknown}
 i - 2 potions of curing {unknown}
 k - a potion of heal wounds {unknown}


   Skills:
 - Level 2.0 Fighting
 - Level 1.7 Long Blades
 - Level 0.7 Throwing
 - Level 1.0 Armour
 - Level 2.1 Dodging
 * Level 3.5 Spellcasting


You knew the following spells:

 Your Spells              Type           Power      Damage    Failure   Level
a - Blink                 Tloc           28%        N/A       3%          2
b - Lesser Beckoning      Tloc           28%        N/A       3%          2
c - Vhi's Electric Charg  Tloc/Air       28%        N/A       7%          3
d - Teleport Other        Tloc           14%        N/A       7%          3
e - Manifold Assault      Tloc           14%        N/A       22%         4
f - Kiss of Death         Conj/Necr      56%        2d9       2%          1
Your spell library was empty.

Dungeon Overview and Level Annotations

Branches:
Dungeon (2/15)

Altars:

Shops:
D:1 (


Innate Abilities, Weirdness & Mutations

You are immune to sickness and miasma.
You are immune to poison.
Your flesh is very heat resistant. (rF++)
You are vulnerable to cold. (rC-)
You float through the air rather than walking.
You learn spells naturally, not from books.
Your magical power is your life essence.
You have superior vitality. (+4 MHP)


Message History

The worm misses you.
You hit the worm.
The worm is moderately wounded.
The worm completely misses you.
You hit the worm.
The worm is heavily wounded.
You hit the worm.
The worm is severely wounded.
The worm bites you but does no damage.
You hit the worm.
The worm is almost dead.
The worm closely misses you.
You barely miss the worm.
The worm is almost dead.
The worm bites you.
You hit the worm.
You kill the worm!
You reach down and open the door.
There is an open door here.
You reach down and open the door.
There is an open door here.
A frilled lizard and an adder come into view.
The frilled lizard hisses angrily.
Casting: Vhi's Electric Charge (quite dangerous; 8% risk of failure)
Confirm with . or Enter, or press ? or * to list all spells.
The spell is quite dangerous to miscast (8% risk of failure)!
Continue anyway?
Charge where?
Press: ? - help, Dir - move target, f - adder
Aim: an adder (57% to hit)
You charge forward with an electric crackle!
A dart slug comes into view.
You miss the adder. The adder barely misses you.
A worm comes into view.
You barely miss the adder. The adder bites you. The adder closely misses you.
You hit the adder.
The adder is lightly wounded.
The adder bites you. The adder attacks as you move away! The adder bites you.
The adder barely misses you. The frilled lizard bites you.
The frilled lizard closely misses you.
You see here a scroll labelled INTAZXEKARPH.
The frilled lizard bites you.
* * * LOW HITPOINT WARNING * * *
The adder bites you but does no damage.
The frilled lizard attacks as you move away!
The frilled lizard closely misses you.
The frilled lizard attacks as you move away!
The frilled lizard closely misses you.
You closely miss the frilled lizard. The frilled lizard barely misses you.
The frilled lizard bites you.
* * * LOW HITPOINT WARNING * * *
You closely miss the frilled lizard.
The frilled lizard bites you but does no damage.
You hit the frilled lizard.
You kill the frilled lizard!
The adder bites you but does no damage.
You hit the adder.
The adder is heavily wounded.
The adder bites you.
* * * LOW HITPOINT WARNING * * *
You miss the adder.
The adder is heavily wounded.
The adder bites you but does no damage. The adder bites you.
* * * LOW HITPOINT WARNING * * *
You barely miss the adder.
The adder is heavily wounded.
The adder bites you.
* * * LOW HITPOINT WARNING * * *
The adder bites you but does no damage.
You closely miss the adder.
The adder is heavily wounded.
The adder closely misses you.
You hit the adder.
The adder is almost dead.
The adder barely misses you. The adder closely misses you.
You hit the adder.
You kill the adder!
The dart slug launches a dart at you. The slug dart hits you.
* * * LOW HITPOINT WARNING * * *
The dart slug bites you but does no damage.
You hit the dart slug.
The dart slug is lightly wounded.
The dart slug briefly extends its eye-stalks.
The dart slug launches a dart at you. The slug dart hits you.
* * * LOW HITPOINT WARNING * * *
You barely miss the dart slug.
The dart slug is lightly wounded.
Unknown command.
You hit the dart slug.
The dart slug is heavily wounded.
The dart slug bites you.
* * * LOW HITPOINT WARNING * * *
You hit the dart slug.
The dart slug is severely wounded.
The dart slug launches a dart at you. The slug dart hits you.
You die...

#.# #.# #####.# #.#######
#.....# ...[.>..# ......#
#.#####.# #.#.... # #.#
#.#.#.# .# #.# #.#
#.#.#.#..##. ..# #.#
#####.#.#....... ### #.#
#..@ww...# #.#
#.###.#....w.# #.# #.#
#.##.##..... #.# #.#
#.##.# ###. ###.# #.#
#.##.# # ##.#.#
#.###..#.#
####....######........#
'.......................+
####....##########...####


You could see a worm and a dart slug.

Vanquished Creatures
  An adder (D:2)
  2 worms (D:2)
  3 ball pythons (D:1)
  2 endoplasms (D:2)
  3 goblins (D:1)
  3 hobgoblins (D:1)
  2 kobolds (D:1)
  4 quokkas
  A bat (D:1)
  A frilled lizard (D:2)
  2 rats (D:1)
24 creatures vanquished.

Notes
Turn   | Place    | Note
-------+----------+-------------------------------------------
     0 | D:1      | RascalDebosk the Djinni Warper began the quest for the Orb.
     0 | D:1      | RascalDebosk set off with the following spells memorised:
                  | Blink, Lesser Beckoning, Vhi's Electric Charge, Teleport
                  | Other, Manifold Assault.
     0 | D:1      | Reached XP level 1. HP: 18/18 MP: 0/0
   117 | D:1      | Reached XP level 2. HP: 23/23 MP: 0/0
   265 | D:1      | Found Teek's Antique Weapon Shop.
   411 | D:1      | Reached skill level 3 in Spellcasting
   481 | D:1      | Found a faded altar of an unknown god.
   620 | D:1      | Reached XP level 3. HP: 27/28 MP: 0/0
   620 | D:1      | Learned a level 1 spell: Kiss of Death
  1117 | D:2      | Killed from afar by a dart slug

Illustrated notes

Levels and vault maps discovered:
D:1:      grunt_arrival_crossed_arrows, layout_loops_cross,
          ebering_ecumenical_altar_abandoned, serial_shops, shop
D:2:      layout_loops_corners, minmay_misc_feat_room, uniq_natasha

Skill      XL: |  1  2 |
---------------+-------+-----
Spellcasting   | 3 |  3.5
Fighting       | |  2.0
Long Blades    | |  1.7
Throwing       | |  0.7
Armour         | |  1.0
Dodging        | |  2.1

Action                     || total
---------------------------++-------
  Melee: Falchion          ||    94
         Punch             ||     2
   Cast: Vhi's Electric Ch ||     6
   Stab: Sleeping          ||     1
 Armour: Leather armour    ||    18
  Dodge: Dodged            ||    48
